 Dungeon Crawl Stone Soup version 0.17-a0-1382-gc46a074 (webtiles) character file.

3065 Kidiri the Thaumaturge (level 9, -2/49 HPs)
             Began as a Deep Elf Fire Elementalist on June 15, 2015.
             Was an Initiate of Vehumet.
             Slain by a wolf (4 damage)
             ... led by Grum
             ... on level 7 of the Dungeon.
             The game lasted 00:58:53 (9694 turns).

Kidiri the Thaumaturge (Deep Elf Fire Elementalist) Turns: 9694, Time: 00:58:53

Health: -2/49      AC:  5    Str:  5    XL:     9   Next: 57%
Magic:  18/23      EV: 16    Int: 23    God:    Vehumet [......]
Gold:   428        SH:  0    Dex: 16    Spells: 9 memorised, 2 levels left

rFire  . . .     SeeInvis .     j - +0 dagger
rCold  . . .     Clarity  .     g - +1 robe "Defokh" {Stlth+}
rNeg   . . .     SustAt   .     (no shield)
rPois  .         Gourm    .     l - +0 helmet
rElec  .         Spirit   .     t - +0 cloak
rCorr  .         Warding  .     (no gloves)
rMut   .         Stasis   .     (no boots)
MR     .....                    v - amulet of faith
Stlth  ++++......               (no ring)
                                K - ring of flight

@: swift, quick, not resistant to hostile enchantments, stealthy
A: no striking features
a: Renounce Religion, Evoke Flight


You were on level 7 of the Dungeon.
You worshipped Vehumet.
Vehumet was noncommittal.
You were not hungry.

You visited 2 branches of the dungeon, and saw 9 of its levels.

You collected 428 gold pieces.

Inventory:

Hand weapons
 j - a +0 dagger (weapon)
Missiles
 k - 2 throwing nets (quivered)
Armour
 g - the +1 robe "Defokh" (worn) {Stlth+}
   (You found it on level 6 of the Dungeon)

   It makes you more stealthy.
 l - a +0 helmet (worn)
 t - a +0 cloak (worn)
Jewellery
 m - an uncursed amulet of stasis
 v - an amulet of faith (around neck)
 K - a ring of flight (left hand)
Magical devices
 p - a wand of paralysis (5)
 s - a wand of flame (37)
 E - a wand of magic darts (16)
Scrolls
 d - 2 scrolls of amnesia
 f - 2 scrolls of teleportation
 h - 2 scrolls of remove curse
 n - a scroll of fog
 o - 3 scrolls of enchant armour {unknown}
 r - 4 scrolls of enchant weapon {unknown}
 u - 2 scrolls of recharging {unknown}
 y - 4 scrolls of silence
 A - a scroll of holy word {unknown}
 I - a scroll of identify
 J - a scroll of immolation {unknown}
Potions
 a - a potion of lignification
 i - 3 potions of might
 q - a potion of haste
 w - a potion of curing
 x - a potion of cure mutation
 B - a potion of invisibility
 C - a potion of degeneration {unknown}
 G - a potion of berserk rage {unknown}
Books
 b - a book of Flames

   Spells                             Type                      Level
   a - Flame Tongue                   Conjuration/Fire             1
   b - Throw Flame                    Conjuration/Fire             2
   c - Conjure Flame                  Conjuration/Fire             3
   d - Inner Flame                    Hexes/Fire                   3
   e - Sticky Flame                   Conjuration/Fire             4
   f - Fireball                       Conjuration/Fire             5
 e - a book of Air

   Spells                             Type                      Level
   a - Shock                          Conjuration/Air              1
   b - Swiftness                      Charms/Air                   2
   c - Repel Missiles                 Charms/Air                   2
   d - Static Discharge               Conjuration/Air              3
   e - Lightning Bolt                 Conjuration/Air              5
Comestibles
 c - 3 bread rations
 z - a beef jerky
 D - 2 chunks of flesh


   Skills:
 + Level 2.7 Fighting
 + Level 6.1 Dodging
 + Level 6.2 Stealth
 * Level 8.9 Spellcasting
 + Level 4.6 Conjurations
 + Level 4.4 Hexes
 + Level 4.4 Charms
 + Level 5.7 Fire Magic
 + Level 4.2 Air Magic
 + Level 1.6 Evocations


You had 2 spell levels left.
You knew the following spells:

 Your Spells              Type           Power        Failure   Level  Hunger
a - Flame Tongue          Conj/Fire      ####.        1%          1    None
b - Throw Flame           Conj/Fire      ####..       1%          2    None
c - Conjure Flame         Conj/Fire      ####....     2%          3    None
d - Inner Flame           Hex/Fire       ####....     2%          3    None
e - Sticky Flame          Conj/Fire      ####....     10%         4    ##.....
f - Fireball              Conj/Fire      ####......   24%         5    ####...
g - Shock                 Conj/Air       ####         1%          1    None
h - Swiftness             Chrm/Air       ####....     1%          2    None
i - Repel Missiles        Chrm/Air       ####..       1%          2    None


Dungeon Overview and Level Annotations

Branches:
Dungeon (8/15)             Temple (1/1) D:6
   Lair: D:8-11

Altars:
Cheibriados
Dithmenos
Elyvilon
Gozag
Makhleb
Nemelex Xobeh
Okawaru
Qazlal
Ru
Sif Muna
Trog
Vehumet
Xom
Yredelemnul
Zin
The Shining One

Shops:
D:4 *

Annotations:
D:8 Grum


Message History

There is a stone staircase leading up, spattered with blood here.
You see here a stone.
The wolf bites you. The wolf barely misses you. The hound closely misses you.
The wolf bites you but does no damage.
You climb upwards.
There is a stone staircase leading down here.
The wolf barely misses you. The hound misses you. The wolf closely misses you.
The wolf misses you. The wolf bites you. The wolf misses you.
The wolf bites you. The hound bites you.
The hound pauses to sniff the ground.
The wolf bites you!
* * * LOW HITPOINT WARNING * * *
Casting: Flame Tongue
Confirm with . or Enter, or press ? or * to list all spells.
You feel quick. The wolf bites you.
* * * LOW HITPOINT WARNING * * *
The wolf misses you. x2
The wolf bites you.
You die...

#.##.##.# #....##.# #.##.##.#
####### #.....#.# #.......#
#..>..# #....##.# ####..###
#.....# #.......# ##.# #.....#
####.#### #.# #.....# #.# #.#
#hh...# ##.## #.# #.h...#
##...## #.# #@#.#.# #.#.#.#
####.#### #.#.#.# ##...##
######.......# #...#.### ##.##
#.......#.##.# #.......# #.#
#.####..#.##.###..##.#.# #.#
..####..#..............#####.#
#..........#.###..#..........#
..##.........# #....##.#######
..##..#.##.### #.#.###.#


You could see 2 wolves and a hound.

Vanquished Creatures
  2 wyverns
  A water moccasin (D:4)
  2 ice beasts
  5 ogres
  A sky beast (D:5)
  2 phantoms (D:4)
  Blork the orc (D:4)
  6 giant frogs
  2 gnoll sergeants (D:7)
  A scorpion (D:5)
  3 crimson imps
  2 giant frog skeletons (D:4)
  2 hounds
  A giant frog zombie (D:7)
  5 orc priests
  An iguana (D:4)
  4 jellies
  A centaur skeleton (D:4)
  3 orc wizards (D:4)
  6 worker ants
  A hound zombie (D:5)
  A hound skeleton (D:4)
  Robin (D:2)
  14 adders
  13 gnolls (D:7)
  A shadow imp (D:5)
  An ooze (D:5)
  A worm (D:3)
  16 orcs
  A bat skeleton (D:6)
  5 giant cockroaches
  12 hobgoblins
  10 jackals
  14 kobolds
  5 quokkas
  15 bats
  5 giant geckos
  A giant gecko skeleton (D:8)
  A giant gecko zombie (D:6)
  6 giant newts
  15 goblins
  A quokka skeleton (D:5)
  7 rats
198 creatures vanquished.

Notes
Turn   | Place    | Note
--------------------------------------------------------------
     0 | D:1      | Kidiri the Deep Elf Fire Elementalist began the quest for the Orb.
     0 | D:1      | Reached XP level 1. HP: 10/10 MP: 6/6
   342 | D:1      | Reached XP level 2. HP: 4/15 MP: 0/8
   396 | D:1      | Learned a level 2 spell: Throw Flame
   920 | D:2      | Learned a level 1 spell: Shock
  1120 | D:2      | Noticed Robin
  1129 | D:2      | Killed Robin
  1129 | D:2      | Reached XP level 3. HP: 17/19 MP: 2/9
  1211 | D:2      | Found a sparkling altar of Nemelex Xobeh.
  1321 | D:2      | Learned a level 3 spell: Conjure Flame
  1559 | D:2      | Found a faded altar to an unknown god.
  1875 | D:2      | Reached skill level 1 in Air Magic
  2046 | D:3      | Reached skill level 4 in Spellcasting
  2046 | D:3      | Reached XP level 4. HP: 18/24 MP: 3/12
  2070 | D:3      | Learned a level 4 spell: Sticky Flame
  3347 | D:4      | Reached XP level 5. HP: 28/28 MP: 9/13
  3410 | D:4      | Noticed a phantom
  3432 | D:4      | Killed a phantom
  3792 | D:4      | Noticed Blork the orc
  3798 | D:4      | Killed Blork the orc
  3798 | D:4      | Reached skill level 5 in Spellcasting
  3798 | D:4      | Reached XP level 6. HP: 32/32 MP: 4/15
  3902 | D:3      | Learned a level 3 spell: Inner Flame
  4447 | D:4      | Noticed an ogre
  4455 | D:4      | Killed an ogre
  4455 | D:4      | Reached XP level 7. HP: 35/37 MP: 7/17
  4602 | D:4      | Reached skill level 6 in Spellcasting
  4602 | D:4      | Reached skill level 1 in Hexes
  4799 | D:4      | Reached skill level 1 in Fighting
  4882 | D:4      | Found Bekas's Serpentskin Sales.
  4882 | D:4      | Noticed a water moccasin
  4893 | D:4      | Killed a water moccasin
  4918 | D:4      | Learned a level 5 spell: Fireball
  5190 | D:5      | Entered Level 5 of the Dungeon
  5368 | D:5      | Found a sacrificial altar of Ru.
  5672 | D:5      | Reached skill level 5 in Dodging
  5672 | D:5      | Reached XP level 8. HP: 40/43 MP: 17/20
  5691 | D:5      | Reached skill level 5 in Stealth
  5832 | D:5      | Reached skill level 7 in Spellcasting
  5836 | D:5      | Learned a level 2 spell: Repel Missiles
  6130 | D:5      | Reached skill level 1 in Charms
  6399 | D:6      | Got a dull robe
  6410 | D:6      | Identified the +1 robe "Defokh" {Stlth+} (You found it on level 6 of the Dungeon)
  6515 | D:6      | Reached skill level 5 in Fire Magic
  6863 | D:6      | Found a radiant altar of Vehumet.
  6867 | D:6      | Found a glowing silver altar of Zin.
  7128 | D:6      | Reached skill level 8 in Spellcasting
  7347 | D:6      | Found a staircase to the Ecumenical Temple.
  7357 | Temple   | Entered the Ecumenical Temple
  7616 | D:6      | Learned a level 2 spell: Swiftness
  7631 | D:7      | Reached XP level 9. HP: 30/48 MP: 3/23
  8706 | D:7      | Found a snail-covered altar of Cheibriados.
  9005 | D:6      | Found a bloodstained altar of Trog.
  9005 | D:6      | Found a snail-covered altar of Cheibriados.
  9030 | D:6      | Became a worshipper of Vehumet
  9088 | D:8      | Reached skill level 1 in Evocations
  9647 | D:8      | Noticed Grum
  9693 | D:7      | HP: 2/49 [wolf[Grum] (6)]
  9694 | D:7      | Slain by a wolf

Vault maps used:
D:1:      saegor_arrival_simple_d
D:2:      ecumenical_altar_1, nemelex_diamond_rough_becter, uniq_robin
D:3:      first_bread
D:4:      guppyfry_shop_venom, uniq_blork_the_orc
D:5:      hangedman_ru_absence
D:6:      nicolae_overflow_hidden_temple, minmay_temple_entry_poolview
D:7:      cheibriados_altar_1
D:8:      grunt_temple_overflow_growth_and_decay, serial_shops,
          nicolae_shop_trees, uniq_gastronok, uniq_erolcha, uniq_maurice,
          uniq_grum
Temple:   circular_temple_12

Action                   |  1- 3 |  4- 6 |  7- 9 || total
-------------------------+-------+-------+-------++-------
Melee: Club              |    10 |       |       ||    10
       Unarmed           |     1 |       |       ||     1
       Dagger            |    13 |    40 |    28 ||    81
Throw: Tomahawk          |       |       |     2 ||     2
       Throwing net      |       |       |     1 ||     1
 Cast: Flame Tongue      |    44 |    75 |   143 ||   262
       Shock             |     5 |     4 |    15 ||    24
       Throw Flame       |     5 |    29 |    73 ||   107
       Conjure Flame     |       |     7 |    18 ||    25
       Sticky Flame      |       |     2 |    15 ||    17
       Inner Flame       |       |       |     7 ||     7
       Fireball          |       |       |     3 ||     3
       Swiftness         |       |       |     4 ||     4
  Use: Scroll            |     7 |     2 |     6 ||    15
       Potion            |       |     2 |     2 ||     4
 Stab: Sleeping          |     6 |     6 |     2 ||    14
       Held in net/web   |       |       |     1 ||     1
  Eat: Pizza             |     1 |       |       ||     1
       Chunk             |     2 |     4 |    11 ||    17
       Meat ration       |       |     1 |     1 ||     2
       Beef jerky        |       |       |     1 ||     1
